 Dungeon Crawl Stone Soup version 0.26-a0-651-gb41185065b (webtiles) character file.

Game seed: 3081704279114811071

410423 btv the Brawler (level 22, -8/206 HPs)
             Began as a Troll Fighter on Oct 1, 2020.
             Was an Elder of Zin.
             Killed from afar by a shadow dragon (10 damage)
             ... with a bolt of negative energy
             ... on level 5 of the Vaults on Oct 2, 2020.
             The game lasted 05:19:43 (50735 turns).

btv the Brawler (Troll Fighter)                    Turns: 50735, Time: 05:19:43

Health: -8/206     AC: 35    Str: 34    XL:     22   Next: 14%
Magic:  32/32      EV:  7    Int:  6    God:    Zin [****..]
Gold:   2367       SH: 27    Dex: 14    Spells: 21/21 levels left

rFire    + . .     SeeInvis .     - Unarmed
rCold    + . .     Faith    .   a - +0 tower shield {AC+3}
rNeg     + . .     Spirit   .   Y - +2 gold dragon scales
rPois    +         Reflect  +   s - +2 hat
rElec    .         Harm     .   R - +2 cloak {MR+}
rCorr    +         Rampage  .   (gloves unavailable)
MR       ++...                  (boots unavailable)
Stlth    ..........             J - amulet of reflection
HPRegen  0.84/turn              c - ring of resist corrosion
MPRegen  0.23/turn              q - ring of Teyssoebb {rN+ Dex+4}

@: studying Invocations, drained
A: large, unfitting armour, claws 3, regeneration 1, shaggy fur 1, tough skin 3
}: 3/15 runes: barnacled, slimy, gossamer
a: Recite, Vitalisation, Imprison, Donate Gold, Renounce Religion


You were on level 5 of the Vaults.
You worshipped Zin.
Zin was greatly pleased with you.
You visited 8 branches of the dungeon, and saw 42 of its levels.
You visited the Abyss 2 times.
You visited 1 bazaar.
You also visited: Ice Cave.

You collected 4513 gold pieces.
You spent 1816 gold pieces at shops.
You donated 330 gold pieces to Zin.

Inventory:

Hand Weapons
 b - the +9 morningstar of Wonderful Punishment {vorpal, rN++}
   (You found it on level 5 of the Pits of Slime)

   It inflicts extra damage upon your enemies.
   It greatly protects you from negative energy.
Missiles
 B - 3 throwing nets
 C - 120 large rocks
 F - 79 javelins (quivered)
 P - 27 silver javelins
Armour
 a - a +0 tower shield of protection (worn)
 g - +0 storm dragon scales
 s - a +2 hat (worn)
 R - a +2 cloak of magic resistance (worn)
 Y - +2 gold dragon scales (worn)
Jewellery
 c - a ring of resist corrosion (left claw)
 q - the ring of Teyssoebb (right claw) {rN+ Dex+4}
   (You found it on level 5 of the Pits of Slime)

   [ring of positive energy]

   It affects your dexterity (+4).
   It protects you from negative energy.
 J - an amulet of reflection (around neck)
 M - an uncursed ring of protection from cold
 S - an uncursed ring of protection from fire
 Z - the ring of Famm {+Fly rN+}
   (You found it on level 5 of the Pits of Slime)

   [ring of flight]

   It protects you from negative energy.
   It lets you fly.
Wands
 d - a wand of digging (18)
 m - a wand of acid (15)
 p - a wand of disintegration (30)
 z - a wand of iceblast (64)
 I - a wand of flame (33)
Scrolls
 e - 11 scrolls of identify
 f - 20 scrolls of remove curse
 h - 7 scrolls of magic mapping
 n - 2 scrolls of holy word
 u - 12 scrolls of teleportation
 E - 3 scrolls of silence
 H - 12 scrolls of immolation
 K - 6 scrolls of fog
 O - 3 scrolls of fear
 W - a scroll of summoning
Potions
 i - 3 potions of magic
 k - 7 potions of flight
 l - 11 potions of curing
 x - a potion of resistance
 A - 2 potions of berserk rage
 L - 2 potions of cancellation
 N - a potion of might
Books
 y - a manual of Invocations
Miscellaneous
 o - a lightning rod (4/4)
 Q - a phial of floods
 X - a phantom mirror


   Skills:
 - Level 10.0(9.1) Fighting
 - Level 8.0(7.2) Maces & Flails
 - Level 12.0(11.1) Throwing
 + Level 16.4(15.5) Armour
 - Level 5.0(4.2) Dodging
 - Level 15.0(14.0) Shields
 + Level 18.6(17.6) Unarmed Combat
 + Level 15.0(14.1) Invocations
 - Level 4.0(3.3) Evocations


You had 21 spell levels left.
You didn't know any spells.
Your spell library contained the following spells:

 Spells                   Type           Power        Failure   Level
 Apportation              Tloc           #.....       100%        1
 Corona                   Hex            #......      100%        1
 Foxfire                  Conj/Fire      #...         100%        1
 Freeze                   Ice            #...         100%        1
 Magic Dart               Conj           #...         100%        1
 Shock                    Conj/Air       #...         100%        1
 Sting                    Tmut/Pois      #...         100%        1
 Blink                    Tloc           N/A          100%        2
 Call Imp                 Summ           #.......     100%        2
 Passwall                 Tmut/Erth      #.......     100%        2
 Poisonous Vapours        Pois/Air       #.....       100%        2
 Slow                     Hex            #.......     100%        2
 Swiftness                Air            #.......     100%        2
 Confusing Touch          Hex            #.......     100%        3
 Conjure Flame            Conj/Fire      #.......     100%        3
 Frozen Ramparts          Ice            #.....       100%        3
 Gell's Gravitas          Tloc           #.........   100%        3
 Ignite Poison            Fire/Tmut/Pois #.......     100%        3
 Inner Flame              Hex/Fire       #.......     100%        3
 Lesser Beckoning         Tloc           #.........   100%        3
 Mephitic Cloud           Conj/Pois/Air  #.......     100%        3
 Ozocubu's Armour         Ice            #.......     100%        3
 Portal Projectile        Hex/Tloc       #.....       100%        3
 Tukima's Dance           Hex            #.......     100%        3
 Animate Dead             Necr           #.........   100%        4
 Cause Fear               Hex            #.........   100%        4
 Hailstorm                Conj/Ice       #.......     100%        4
 Ice Form                 Ice/Tmut       #.......     100%        4
 Leda's Liquefaction      Hex/Erth       #.........   100%        4
 Olgreb's Toxic Radiance  Pois           #.......     100%        4
 Passage of Golubria      Tloc           N/A          100%        4
 Petrify                  Tmut/Erth      #.......     100%        4
 Sticky Flame             Conj/Fire      #.......     100%        4
 Summon Ice Beast         Ice/Summ       #.......     100%        4
 Summon Lightning Spire   Summ/Air       #.......     100%        4
 Alistair's Intoxication  Tmut/Pois      #........    100%        5
 Borgnjor's Vile Clutch   Necr/Erth      #.........   100%        5
 Fireball                 Conj/Fire      #.........   100%        5
 Irradiate                Conj/Tmut      #.........   100%        5
 Lee's Rapid Deconstruct  Erth           #.........   100%        5
 Metabolic Englaciation   Hex/Ice        #.........   100%        5
 Silence                  Hex/Air        #.........   100%        5
 Yara's Violent Unravell  Hex/Tmut       #.........   100%        5
 Conjure Ball Lightning   Conj/Air       #.........   100%        6
 Death Channel            Necr           #.........   100%        6
 Freezing Cloud           Conj/Ice/Air   #.........   100%        6
 Hydra Form               Tmut           #.........   100%        6
 Invisibility             Hex            #.......     100%        6
 Ozocubu's Refrigeration  Ice            #.........   100%        6
 Simulacrum               Ice/Necr       #.........   100%        6
 Statue Form              Tmut/Erth      #........    100%        6
 Dragon Form              Tmut           #.........   100%        7
 Orb of Destruction       Conj           #.........   100%        7
 Tornado                  Air            #.........   100%        9


Dungeon Overview and Level Annotations

Branches:
Dungeon (15/15)            Temple (1/1) D:7            Lair (6/6) D:11
 Shoals (4/4) Lair:4       Spider (4/4) Lair:4        Slime (5/5) Lair:6
    Orc (2/2) D:9             Elf (0/3) Orc:2        Vaults (5/5) D:13
  Crypt (0/3) Vaults:2     Depths (0/5) D:15          IceCv (visited)

Altars:
Ashenzari
Cheibriados
Dithmenos
Elyvilon
Fedhas
Gozag
Hepliaklqana
Kikubaaqudgha
Makhleb
Nemelex Xobeh
Okawaru
Qazlal
Ru
Sif Muna
Trog
Uskayaw
Vehumet
Wu Jian
Xom
Yredelemnul
Zin
The Shining One
Beogh
Jiyva

Shops:
D:5 (   D:6 *(*   D:12 *   Orc:2 *=(=   Vaults:2 :   Vaults:3 !

Annotations:
D:15 Zam Nuan's ghost, journeyman GnFi


Innate Abilities, Weirdness & Mutations

You are too large for most types of armour.
You have claws for hands.
Your natural rate of healing is unusually fast.
You are covered in fur. (AC +1)
You have extremely tough skin. (AC +3)


Message History

The deep elf high priest mumbles some strange prayers.
The deep elf high priest utters a dark prayer and points at you.
Your life force is offered up.
* * * LOW HITPOINT WARNING * * *
The quicksilver dragon is healed.
The vault warden is healed.
You block the quicksilver dragon's attack.
The quicksilver dragon claws you but does no damage.
Unknown command.
The quicksilver dragon breathes dispelling energy at you.
The bolt of dispelling energy hits you!
* * * LOW HITPOINT WARNING * * *
The vault warden begs, "Please!
I have a lot of children!"
The vault guard tries to recover its lost courage.
You block the vault warden's attack.
You hear a shout! x2
There is a sealed passage leading up, spattered with blood here.
The vault warden seems to regain its courage.
The shadow dragon breathes negative energy at you.
The bolt of negative energy hits you! You partially resist.
You feel drained.
You die...

....#....#..####...###
....#....#............
..............D.XOX..
#####........###########
....................
........p<)(...z....
.......<..<..C(.....
.......DDD....p.....
####..@.....#######
................
......#....#...e.
.##...#....#...... ##.
#..*Q##..... #. #....#
..... . #....# .. #....#


You could see a shadow dragon (catching breath), a titan, 2 quicksilver dragons,
2 vault wardens, a tengu reaver (fleeing) and a battlesphere.

Vanquished Creatures
  the Royal Jelly (Slime:5)
  Frederick (Vaults:4)
  Xtahua (Vaults:4)
  2 golden dragons (Vaults:4)
  A profane servitor (Abyss:2)
  A tentacled monstrosity (Vaults:5)
  A quicksilver dragon (Vaults:4)
  2 titans (Vaults:5)
  An Executioner (Abyss:2)
  Frances (D:14)
  3 sphinxes (Vaults:4)
  A tentacled starspawn (Abyss:2)
  21 acid blobs
  Kirke (Spider:2)
  A storm dragon (Vaults:4)
  2 fire giants
  9 vault wardens
  2 frost giants
  13 azure jellies
  3 deep elf sorcerers
  2 ghost moths (Spider:4)
  7 emperor scorpions
  A ghoul (D:15)
  The ghost of Buowofek the Fighter, a journeyman MiFi of Okawaru (Shoals:2)
  8 ironheart preservers
  A war gargoyle (Vaults:3)
  6 stone giants
  4 very ugly things (Abyss:2)
  4 entropy weavers
  A deep elf demonologist (Vaults:3)
  A vampire knight (Vaults:2)
  A spark wasp (Spider:2)
  A spark wasp (shapeshifter) (Vaults:4)
  An eidolon (Abyss:2)
  A blizzard demon (IceCv)
  6 merfolk javelineers
  2 ettins
  8 death oozes
  3 deep elf death magi
  The ghost of catramo the Grappler, a journeyman TrMo (Lair:6)
  9 merfolk impalers
  A crystal guardian (Vaults:4)
  5 great orbs of eyes
  4 fire dragons
  Josephine (D:11)
  12 ogre magi
  14 yaktaur captains
  31 vault guards
  An ice dragon (Vaults:4)
  5 hydras
  A rakshasa (Abyss:2)
  An alligator snapping turtle (Shoals:4)
  6 death knights
  8 merfolk aquamancers
  3 catoblepae (Lair:6)
  8 centaur warriors
  8 merfolk avatars
  A deep troll shaman (Vaults:4)
  2 satyrs
  37 two-headed ogres
  2 thrashing horrors (Abyss:2)
  7 death yaks (Lair:6)
  2 deep troll earth magi (Vaults:4)
  A shock serpent (shapeshifter) (Vaults:4)
  5 orc high priests
  2 wretched stars (Abyss:2)
  4 spriggans (Lair:6)
  2 sixfirhies (Abyss:2)
  7 deep elf knights
  A shadow wraith (Vaults:4)
  A fire crab (shapeshifter) (Vaults:2)
  6 skeletal warriors
  An unseen horror (shapeshifter) (Vaults:3)
  7 hell knights (Abyss:2)
  8 deep trolls
  A glowing orange brain (shapeshifter) (Vaults:1)
  10 sea snakes
  A kraken simulacrum (Shoals:4)
  3 glowing orange brains
  A wizard (Vaults:3)
  2 deep elf archers
  35 harpies
  16 orc knights
  21 ironbrand convokers
  A phantasmal warrior (Vaults:4)
  37 ugly things
  A necromancer (Abyss:2)
  12 deep elf magi
  13 orb spiders
  22 manticores
  5 orc sorcerers
  20 wolf spiders
  4 shining eyes
  4 moths of wrath
  10 merfolk sirens
  A salamander (shapeshifter) (Vaults:1)
  2 worldbinders (Abyss:2)
  12 vault sentinels
  15 fauns
  24 cyclopes
  7 centaur zombies
  2 black mambas
  10 water nymphs
  A torpor snail (Spider:1)
  Psyche (D:11)
  An eye of devastation (Slime:4)
  A gargoyle (D:14)
  2 orange demons (Abyss:2)
  3 smoke demons (Abyss:2)
  5 cane toads
  3 centaur skeletons
  A cane toad (shapeshifter) (D:14)
  38 yaktaurs
  A yaktaur (shapeshifter) (Vaults:4)
  2 rime drakes
  6 freezing wraiths
  8 komodo dragons
  3 demonic crawlers (Spider:1)
  3 anaconda simulacra (IceCv)
  3 hellwings (Abyss:2)
  6 ancient zymes (Abyss:2)
  46 merfolk
  6 trolls
  A harpy zombie (D:15)
  4 polar bears
  20 jumping spiders
  6 ice devils (IceCv)
  A wolf spider simulacrum (IceCv)
  19 hornets
  A queen bee (shapeshifter) (Vaults:3)
  53 slime creatures
  3 wind drakes
  A meliai zombie (D:15)
  14 blink frogs
  5 snapping turtles
  12 raiju (Abyss:2)
  11 dream sheep
  14 hippogriffs
  A human simulacrum (Vaults:1)
  9 large abominations (Abyss:2)
  22 tarantellas
  2 shadows
  2 tarantellas (shapeshifter)
  Sigmund (D:4)
  5 wraiths
  60 redbacks
  18 water elementals
  2 wyverns
  3 ynoxinuls (Abyss:2)
  3 small abominations (Abyss:2)
  A dire elephant simulacrum (IceCv)
  48 yaks
  3 basilisks
  3 fire bats (Abyss:2)
  A neqoxec (Abyss:2)
  5 golden eyes
  2 steam dragons
  A vampire mosquito (D:14)
  A death yak simulacrum (IceCv)
  Menkaure (D:5)
  6 iron troll simulacra (IceCv)
  10 wargs
  2 harpy simulacra (IceCv)
  8 water moccasins
  5 hell hounds (Abyss:2)
  5 acid dragons
  2 hydra simulacra (IceCv)
  8 porcupines
  55 orc warriors
  6 ice beasts
  A sky beast (shapeshifter) (Abyss:2)
  9 black bears
  A hornet zombie (D:11)
  22 starcursed masses (Abyss:2)
  3 eyes of draining
  A necrophage (D:7)
  An alligator simulacrum (IceCv)
  An ice dragon simulacrum (Abyss:2)
  5 sky beasts
  34 ogres
  18 wolves
  3 phantoms
  An ettin simulacrum (IceCv)
  A boggart (Lair:6)
  20 centaurs
  14 crocodiles
  16 bullfrogs
  2 wyvern zombies
  A wyvern skeleton (D:9)
  5 scorpions
  11 killer bees
  An elephant simulacrum (IceCv)
  27 wights
  5 electric eels
  6 howler monkeys
  A draconian simulacrum (IceCv)
  2 quasits
  A wyvern simulacrum (D:14)
  2 bullfrog skeletons
  A jelly (D:10)
  3 bullfrog zombies
  26 orc priests
  8 hounds
  35 orc wizards
  6 iguanas
  9 worker ants
  Ijyb (D:5)
  Terence (D:2)
  3 troll simulacra (IceCv)
  A wolf simulacrum (IceCv)
  A killer bee zombie (D:7)
  3 centaur simulacra (IceCv)
  2 hound zombies
  A hound skeleton (D:10)
  A mummy (D:5)
  2 howler monkey zombies (D:11)
  4 naga simulacra (IceCv)
  8 adders
  An ogre simulacrum (IceCv)
  A shadow imp (D:7)
  4 white imps
  8 ufetubi
  4 worms (D:10)
  4 dart slugs
  5 leopard geckos
  114 orcs
  6 bats
  6 giant cockroaches
  6 goblins
  11 hobgoblins
  5 jackals
  8 quokkas
  A ball python (D:1)
  7 frilled lizards
  A giant cockroach zombie (D:5)
  7 kobolds
  A leopard gecko zombie (D:7)
  2 quokka zombies (D:7)
  5 rats
  A pillar of salt (Vaults:3)
  A tentacle (Shoals:4)
1780 creatures vanquished.

Vanquished Creatures (collateral kills)
  A cyclops (D:13)
  A gargoyle (D:13)
  A merfolk (Shoals:2)
3 creatures vanquished.

Vanquished Creatures (others)
  An orc warlord (Orc:2)
  A blizzard demon (IceCv)
  A merfolk aquamancer (Shoals:2)
  A demonic crawler (Spider:1)
  A hippogriff (D:13)
  An ancient zyme (Abyss:2)
  2 jumping spiders (Spider:4)
  A merfolk (Shoals:3)
  A golden eye (Abyss:2)
  3 small abominations (Abyss:2)
  A big kobold (D:10)
  3 white imps (IceCv)
  An ufetubus (IceCv)
  2 orcs
  4 kobolds (D:10)
  A rat (shapeshifter) (Vaults:5)
  14 fungi
  A lurking horror (Abyss:2)
  74 plants
  3 starspawn tentacles (Abyss:2)
  7 tentacles (Shoals:4)
124 creatures vanquished.

Grand Total: 1907 creatures vanquished

Notes
Turn   | Place    | Note
-------+----------+-------------------------------------------
     0 | D:1      | btv the Troll Fighter began the quest for the Orb.
     0 | D:1      | Reached XP level 1. HP: 22/22 MP: 0/0
   215 | D:1      | Reached XP level 2. HP: 29/29 MP: 1/1
   652 | D:2      | Reached XP level 3. HP: 32/36 MP: 2/2
   668 | D:2      | Noticed Terence
   680 | D:2      | Killed Terence
   692 | D:2      | Reached XP level 4. HP: 44/44 MP: 3/3
  1241 | D:2      | Reached skill level 3 in Unarmed Combat
  1568 | D:2      | Reached XP level 5. HP: 53/53 MP: 4/4
  1936 | D:3      | Reached XP level 6. HP: 62/62 MP: 5/5
  1954 | D:3      | Found a sparkling altar of Nemelex Xobeh.
  2376 | D:4      | Reached skill level 4 in Unarmed Combat
  2425 | D:4      | Found a shimmering altar of Xom.
  2840 | D:4      | Reached skill level 1 in Evocations
  2840 | D:4      | Reached XP level 7. HP: 70/70 MP: 6/6
  2889 | D:4      | Reached skill level 1 in Throwing
  2932 | D:4      | Noticed Sigmund
  3005 | D:4      | Killed Sigmund
  3261 | D:5      | Entered Level 5 of the Dungeon
  3261 | D:5      | Noticed Menkaure
  3266 | D:5      | Killed Menkaure
  3351 | D:5      | Reached XP level 8. HP: 75/79 MP: 7/7
  3355 | D:5      | Reached skill level 5 in Unarmed Combat
  3413 | D:5      | Found Hyriewag's Weapon Shop.
  3581 | D:5      | Noticed Ijyb
  3597 | D:5      | Killed Ijyb
  3687 | D:5      | Found a snail-covered altar of Cheibriados.
  4295 | D:6      | Reached skill level 5 in Fighting
  4295 | D:6      | Reached skill level 5 in Shields
  4362 | D:6      | Found Tephegi's Weapon Shoppe.
  4461 | D:6      | Found Asykk's Assorted Antiques.
  4464 | D:6      | Bought a scroll labeled XIEVINK ISKI for 32 gold pieces
  4464 | D:6      | Bought a scroll of identify for 64 gold pieces
  4464 | D:6      | Bought a scroll labeled TUNOSCHO JIFI for 32 gold pieces
  4464 | D:6      | Bought a scroll labeled LOLUENO LIENK for 32 gold pieces
  4464 | D:6      | Bought a scroll of identify for 64 gold pieces
  4473 | D:6      | Reached skill level 6 in Unarmed Combat
  4599 | D:6      | Reached XP level 9. HP: 73/88 MP: 4/8
  5220 | D:6      | Found Himaann's Assorted Antiques.
  5225 | D:6      | Bought a scroll labeled LOLUENO LIENK for 25 gold pieces
  5225 | D:6      | Bought a scroll labeled LOLUENO LIENK for 25 gold pieces
  5225 | D:6      | Bought a scroll labeled ICYADI EBIATE for 25 gold pieces
  5325 | D:7      | Found a staircase to the Ecumenical Temple.
  5331 | Temple   | Entered the Ecumenical Temple
  5486 | Temple   | Became a worshipper of Zin the Law-Giver
  5575 | D:7      | Got an ichor-stained cloak
  5587 | D:7      | Identified the +2 cloak of Slovenliness {rF+ Dex+7} (You
                  | found it on level 7 of the Dungeon)
  5954 | D:7      | Reached skill level 7 in Unarmed Combat
  5955 | D:7      | Found a blossoming altar of Fedhas.
  5955 | D:7      | Found a white marble altar of Elyvilon.
  5959 | D:7      | Reached * piety under Zin
  5969 | D:7      | Reached skill level 5 in Throwing
  6578 | D:8      | Reached ** piety under Zin
  6965 | D:8      | Reached XP level 10. HP: 96/96 MP: 9/9
  7118 | D:8      | Reached skill level 1 in Invocations
  7692 | D:9      | Reached skill level 8 in Unarmed Combat
  7891 | D:9      | Found a roughly hewn altar of Beogh.
  7891 | D:9      | Found a staircase to the Orcish Mines.
  8541 | D:10     | Entered Level 10 of the Dungeon
  8547 | D:10     | Reached skill level 9 in Unarmed Combat
  8739 | D:10     | Reached XP level 11. HP: 99/102 MP: 11/13
  8892 | D:10     | Reached *** piety under Zin
  9183 | D:10     | Found an opulent altar of Gozag.
  9486 | D:11     | Reached skill level 5 in Invocations
  9543 | D:11     | Noticed a cyan ugly thing
  9564 | D:11     | Killed a cyan ugly thing
  9625 | D:11     | Noticed Josephine
  9638 | D:11     | Killed Josephine
  9669 | D:11     | Reached skill level 10 in Unarmed Combat
  9813 | D:11     | Paralysed by a hornet for 2 turns
  9900 | D:11     | Reached **** piety under Zin
  9910 | D:11     | Noticed Psyche
  9919 | D:11     | Killed Psyche
 10280 | D:11     | Reached XP level 12. HP: 106/111 MP: 16/16
 10323 | D:11     | Reached skill level 1 in Armour
 10323 | D:11     | Reached skill level 11 in Unarmed Combat
 10363 | D:11     | Found a staircase to the Lair.
 10788 | D:12     | Found a white marble altar of Elyvilon.
 10809 | D:12     | Found a white marble altar of Elyvilon.
 11096 | D:12     | Found Qoathriz's Demolitions Depot.
 11540 | D:13     | Noticed a centaur warrior
 11560 | D:13     | Killed a centaur warrior
 11632 | D:13     | Noticed a vault guard
 11632 | D:13     | Noticed a vault guard
 11632 | D:13     | Noticed a vault guard
 11634 | D:13     | Noticed a vault guard
 11638 | D:13     | Noticed a vault guard
 11647 | D:13     | Killed a vault guard
 11656 | D:13     | Killed a vault guard
 11657 | D:13     | Noticed a vault guard
 11658 | D:13     | Killed a vault guard
 11661 | D:13     | Killed a vault guard
 11662 | D:13     | Noticed a vault guard
 11667 | D:13     | Killed a vault guard
 11680 | D:13     | Killed a vault guard
 11681 | D:13     | Noticed a vault guard
 11687 | D:13     | Killed a vault guard
 11695 | D:13     | Killed a vault guard
 11725 | D:13     | Found a gate to the Vaults.
 11836 | D:13     | Reached ***** piety under Zin
 11855 | D:13     | Reached skill level 5 in Dodging
 11895 | D:13     | Reached XP level 13. HP: 118/118 MP: 18/18
 12283 | D:14     | Noticed Frances
 12292 | D:14     | Found a flickering gateway to a bazaar.
 12301 | Bazaar   | Entered a bazaar
 12404 | Bazaar   | Found Ysalisch's Distillery.
 12435 | Bazaar   | Found Ehigon's Distillery.
 12457 | Bazaar   | Found Asenypn's Gadget Shoppe.
 12483 | Bazaar   | Found Sisejyif's Gadget Shoppe.
 12643 | Bazaar   | Bought a potion of mutation for 72 gold pieces
 12643 | Bazaar   | Bought a potion of degeneration for 9 gold pieces
 12675 | Bazaar   | Bought a potion of might for 56 gold pieces
 12775 | D:14     | Reached skill level 12 in Unarmed Combat
 12990 | D:14     | Killed Frances
 13282 | D:13     | Reached skill level 5 in Armour
 13549 | D:15     | Entered Level 15 of the Dungeon
 13620 | D:15     | Found a transporter.
 13634 | D:15     | Noticed a storm dragon
 13635 | D:15     | Noticed a fire dragon
 13649 | D:15     | Noticed Zam Nuan's ghost (journeyman GnFi)
 13957 | D:15     | Noticed a fire giant
 13972 | D:15     | Found a staircase to the Depths.
 13983 | D:15     | Killed a fire giant
 14188 | D:15     | Found a transporter.
 14223 | D:15     | Reached XP level 14. HP: 125/127 MP: 20/20
 14227 | D:15     | Noticed a ghoul
 14245 | D:15     | Reached skill level 10 in Invocations
 14260 | D:15     | Killed a ghoul
 14260 | D:15     | Reached skill level 13 in Unarmed Combat
 14777 | D:6      | Bought a shiny tower shield for 240 gold pieces
 14914 | Lair:1   | Entered Level 1 of the Lair of Beasts
 14996 | Lair:1   | Reached ****** piety under Zin
 15697 | Orc:1    | Entered Level 1 of the Orcish Mines
 15754 | Orc:1    | Reached skill level 1 in Maces & Flails
 16899 | Orc:1    | Noticed a frost giant
 16927 | Orc:1    | Killed a frost giant
 16974 | Orc:1    | Found the +4 dagger "Morg" {pain, MR+ Int+5}
 17016 | Orc:1    | Found the +7 great mace "Undeadhunter" {disrupt, rN+}
 17531 | Orc:2    | Entered Level 2 of the Orcish Mines
 17556 | Orc:2    | Found Foama's Jewellery Shoppe.
 17724 | Orc:2    | Found a staircase to the Elven Halls.
 17745 | Orc:2    | Noticed a stone giant
 17763 | Orc:2    | Killed a stone giant
 17885 | Orc:2    | Reached skill level 10 in Shields
 17913 | Orc:2    | Noticed an orc warlord
 17957 | Orc:2    | Killed an orc warlord
 18014 | Orc:2    | Paralysed by an orc sorcerer for 5 turns
 18025 | Orc:2    | Reached skill level 5 in Maces & Flails
 18270 | Orc:2    | Found Dayhos's Antique Armour Shop.
 18271 | Orc:2    | Found Cithrak's Antique Weapon Boutique.
 18272 | Orc:2    | Found Fuefoem's General Store.
 18272 | Orc:2    | Found Fatsonoa's Jewellery Shop.
 18276 | Orc:2    | Bought a scroll of magic mapping for 35 gold pieces
 18276 | Orc:2    | Bought a scroll of holy word for 75 gold pieces
 18825 | Orc:2    | Bought a potion of invisibility for 80 gold pieces
 19512 | Lair:2   | Reached XP level 15. HP: 111/133 MP: 22/22
 21012 | Lair:4   | Found a staircase to the Shoals.
 21197 | Lair:4   | Found a hole to the Spider Nest.
 22491 | Lair:6   | Entered Level 6 of the Lair of Beasts
 22491 | Lair:6   | Found a hazy altar of Hepliaklqana.
 22621 | Lair:6   | Identified a scroll of acquirement
 22621 | Lair:6   | Acquired +2 gold dragon scales
 22761 | Lair:6   | Found a runed translucent door.
 22762 | Lair:6   | Noticed catramo's ghost (journeyman TrMo)
 22763 | Lair:6   | Identified the +1 trident of Kismet {antimagic, rC+ Int-3
                  | SInv}
 22876 | Lair:6   | Killed catramo's ghost
 23167 | Lair:6   | Found a viscous altar of Jiyva.
 23168 | Lair:6   | Found a staircase to the Slime Pits.
 24277 | Orc:2    | Bought an uncursed amulet of reflection for 390 gold pieces
 25088 | Spider:1 | Entered Level 1 of the Spider Nest
 25793 | Spider:1 | Reached XP level 16. HP: 141/141 MP: 24/24
 26982 | Spider:3 | Noticed Kirke
 27011 | Spider:2 | Killed Kirke
 27378 | Spider:4 | Entered Level 4 of the Spider Nest
 29108 | Spider:4 | Got a gossamer rune of Zot
 29475 | Shoals:1 | Entered Level 1 of the Shoals
 29539 | Shoals:1 | Found a frozen archway.
 29550 | IceCv    | Entered an ice cave
 29839 | IceCv    | Reached XP level 17. HP: 149/149 MP: 25/25
 30917 | Shoals:1 | Reached skill level 10 in Armour
 32277 | Shoals:2 | Reached skill level 15 in Shields
 32659 | Shoals:2 | Noticed Buowofek's ghost (journeyman MiFi)
 32659 | Shoals:2 | Identified the +5 chain mail "Doavvirig" {MR+}
 32661 | Shoals:2 | Identified the +10 trident "Sinol" {vamp, Stlth+}
 32667 | Shoals:2 | Found a transporter.
 32669 | Shoals:2 | Found a bloodstained altar of Trog.
 32669 | Shoals:2 | Identified the +5 trident of the Blowfly {vamp, rN+ MR-
                  | Str+4 SInv}
 32678 | Shoals:2 | Found a transporter.
 33009 | Shoals:2 | Killed Buowofek's ghost
 34167 | Shoals:3 | Reached XP level 18. HP: 101/157 MP: 26/26
 35028 | Shoals:4 | Entered Level 4 of the Shoals
 36185 | Shoals:4 | Got a barnacled rune of Zot
 36475 | Shoals:4 | Reached skill level 14 in Unarmed Combat
 36825 | Slime:1  | Entered Level 1 of the Pits of Slime
 37074 | Slime:5  | Entered Level 5 of the Pits of Slime
 38632 | Slime:5  | Noticed the Royal Jelly
 39004 | Slime:4  | HP: 7/167 [death ooze[the Royal Jelly] (10)]
 39432 | Slime:5  | Reached XP level 19. HP: 176/176 MP: 27/27
 39439 | Slime:5  | Found a viscous altar of Jiyva.
 39492 | Slime:5  | Killed the Royal Jelly
 39492 | Slime:5  | Reached skill level 15 in Unarmed Combat
 40172 | Slime:5  | Got a translucent iron ring
 40173 | Slime:5  | Identified the ring of Teyssoebb {rN+ Dex+4} (You found it
                  | on level 5 of the Pits of Slime)
 40188 | Slime:5  | Identified the Collected Works on Intoxication and Combat
                  | Magic
 40200 | Slime:5  | Got a steaming silver ring
 40201 | Slime:5  | Identified the ring "Wonisuem" {Wiz rF+} (You found it on
                  | level 5 of the Pits of Slime)
 40263 | Slime:5  | Got a slimy rune of Zot
 40266 | Slime:5  | Got a sparkling bone amulet
 40275 | Slime:5  | Got a serpentine steel ring
 40276 | Slime:5  | Identified the amulet of Saqoiko {MR+ Regen+} (You found it
                  | on level 5 of the Pits of Slime)
 40277 | Slime:5  | Identified the ring of Famm {+Fly rN+} (You found it on
                  | level 5 of the Pits of Slime)
 40297 | Slime:5  | Got a slimy morningstar
 40298 | Slime:5  | Identified the +9 morningstar of Wonderful Punishment
                  | {vorpal, rN++} (You found it on level 5 of the Pits of
                  | Slime)
 40656 | Vaults:1 | Entered Level 1 of the Vaults
 42604 | Vaults:2 | Found a staircase to the Crypt.
 42920 | Vaults:2 | Reached skill level 10 in Fighting
 43197 | Vaults:2 | Reached skill level 16 in Unarmed Combat
 43228 | Vaults:2 | Found Xuothrir's Book Emporium.
 43958 | Vaults:3 | Reached XP level 20. HP: 171/190 MP: 28/28
 45196 | Vaults:3 | Reached skill level 10 in Throwing
 45237 | Vaults:3 | Found Cocauno's Distillery.
 45245 | Vaults:3 | Bought a potion of mutation for 80 gold pieces
 45245 | Vaults:3 | Bought 3 potions of flight for 90 gold pieces
 45245 | Vaults:3 | Bought 2 potions of might for 80 gold pieces
 45245 | Vaults:3 | Bought a potion of cancellation for 80 gold pieces
 45245 | Vaults:3 | Bought a potion of cancellation for 80 gold pieces
 45245 | Vaults:3 | Bought a potion of heal wounds for 50 gold pieces
 45245 | Vaults:3 | Bought a potion of berserk rage for 50 gold pieces
 45245 | Vaults:3 | Bought a potion of heal wounds for 50 gold pieces
 45425 | Vaults:4 | Reached skill level 15 in Armour
 45473 | Vaults:4 | Reached skill level 17 in Unarmed Combat
 46492 | Vaults:4 | Acquired a manual of Invocations
 46549 | Vaults:4 | Reached XP level 21. HP: 174/198 MP: 29/29
 47960 | Vaults:5 | Entered Level 5 of the Vaults
 47997 | Vaults:5 | Noticed a golden dragon
 48151 | Vaults:5 | Noticed Frederick
 48620 | Vaults:5 | Cast into level 2 of the Abyss (ogre mage)
 48817 | Abyss:2  | Found a corrupted altar of Lugonu.
 48932 | Abyss:2  | Found a corrupted altar of Lugonu.
 48959 | Abyss:2  | Paralysed by accursed screaming for 1 turns
 48972 | Abyss:2  | Reached skill level 18 in Unarmed Combat
 49047 | Abyss:2  | Noticed a profane servitor
 49096 | Abyss:2  | Killed a profane servitor
 49117 | Abyss:2  | Paralysed by accursed screaming for 1 turns
 49124 | Abyss:2  | Paralysed by accursed screaming for 1 turns
 49138 | Vaults:5 | Escaped the Abyss
 49161 | Vaults:5 | Cast into level 2 of the Abyss (ogre mage)
 49901 | Vaults:5 | Escaped the Abyss
 49950 | Vaults:5 | Noticed Xtahua
 49953 | Vaults:5 | Noticed a golden dragon
 49971 | Vaults:4 | Killed a golden dragon
 50316 | Vaults:4 | Killed Xtahua
 50333 | Vaults:5 | Reached XP level 22. HP: 171/206 MP: 31/31
 50351 | Vaults:4 | Killed a golden dragon
 50596 | Vaults:4 | Killed Frederick
 50718 | Vaults:5 | Reached skill level 15 in Invocations
 50733 | Vaults:5 | HP: 10/206 [deep elf high priest/a malign offering (4)]
 50734 | Vaults:5 | HP: 2/206 [quicksilver dragon/bolt of dispelling energy
                  | (9)]
 50735 | Vaults:5 | Killed from afar by a shadow dragon

Illustrated notes

Levels and vault maps discovered:
D:1:      minmay_arrival_doors, layout_loops_ring, minmay_stone_trees_medium
D:2:      minmay_chambers_of_ones, layout_loops_corners,
          minmay_misc_feat_diagonals, kennysheep_generic_room_8, uniq_terence
D:3:      layout_basic, nemelex_altar_shiori, serial_bayou_ford_a
D:4:      layout_basic, overflow_temple_1_default, uniq_sigmund
D:5:      layout_basic, slow_altar_1, serial_shops, shop, uniq_menkaure,
          uniq_ijyb
D:6:      layout_loops_ring, serial_shops, nicolae_shop_trees, kennysheep_mini,
          shop, chequers_jeans, minmay_misc_feat_iff
D:7:      layout_layer_cave, grunt_temple_overflow_open,
          minmay_temple_entry_ruins
D:8:      layout_basic, minmay_misc_feat_four_crosses, st_stairs_10
D:9:      layout_cave_pools, david_orc_5
D:10:     layout_long_grid, basic_altar, ebering_dispersal_statue_hall,
          hive_lemuel
D:11:     minmay_the_grid_3x2 [minmay_the_grid_diamond_grid,
          minmay_the_grid_stretched_grid, minmay_the_grid_mess,
          minmay_the_grid_pillar_ring, minmay_the_grid_square_x,
          minmay_the_grid_prize_four_corners_diamond_b], layout_basic,
          minmay_lair_entry_grove, uniq_psyche, uniq_josephine
D:12:     layout_cave_pods, basic_altar, nicolae_blasting_shop, elyvilon_altar_4
D:13:     layout_basic, erik_vaults_2
D:14:     kennysheep_big_flooded_room, layout_rooms, kennysheep_small_spiral,
          serial_shops, bzr_in_the_mist, minmay_misc_feat_five,
          skrybe_limestone_x, abandoned_shop, uniq_frances
D:15:     grunt_enter_depths_giant_problem, layout_loops_ring,
          gammafunk_ghost_berserking_beasts, serial_undead, serial_undead_a,
          serial_undead_c, serial_undead_d, serial_undead_c,
          grunt_decor_mini_mirrors
Temple:   minmay_crystal_spiral_temple
Lair:1:   layout_loops_ring, minivault_26
Lair:2:   layout_cave_shapes, gammafunk_lair_bear_cave
Lair:3:   layout_layer_cave, disabler_island
Lair:4:   layout_loops_ring, elwin_shoals_entry_rocks,
          spider_nest_entry_funnel_web, serial_forest,
          infiniplex_forest_clump_curved, infiniplex_forest_zigzag_1,
          infiniplex_forest_lined_corner, infiniplex_forest_end_1,
          infiniplex_forest_lined_corner, infiniplex_forest_corner_1,
          infiniplex_forest_lined_4_way, lemuel_fruit_tree
Lair:5:   layout_regular_city
Lair:6:   evilmike_catoblepas_cave, layout_small_grid, slime_altar_1,
          ebering_ghost_funeral_grove, basic_altar,
          chequers_serial_rivers_marsh, grunt_forest_large_clearing_hut
Shoals:1: layout_shoals, portal_ice_cave_entry_pillars_2,
          nicolae_shoals_wave_tunnel
Shoals:2: layout_shoals, gammafunk_ghost_wrathful_warriors,
          nicolae_shoals_water_shrine
Shoals:3: layout_shoals
Shoals:4: shoals_end_grunt_ice, layout_shoals
Spider:1: layout_spider_delve
Spider:2: layout_spider_delve
Spider:3: layout_spider_delve, uniq_kirke
Spider:4: grunt_spider_rune_circles
Slime:1:  layout_caves
Slime:2:  layout_caves
Slime:3:  layout_caves
Slime:4:  layout_caves
Slime:5
Orc:1:    giant_chief_lemuel, layout_diamond_mine
Orc:2:    st_orc_congregation, layout_diamond_mine,
          minmay_shop_enchanted_jewellery
Vaults:1: nicolae_vaults_big_angled_halls, nicolae_vaults_minivaults, v_misc_5,
          hangedman_vaults_corner_blocks, hangedman_vaults_restitches,
          grunt_vaults_diagonal, v_misc_14, ontoclasm_vaults_ring_large,
          grunt_vaults_hallway_short, layout_vaults_omnigrid
Vaults:2: ontoclasm_vaults_idyll, minmay_crypt_entry_simple_round,
          nicolae_vaults_circle_grid_a, vaults_dpeg_ring,
          nicolae_vaults_angled_halls, hangedman_vaults_cutoff,
          layout_vaults_chaotic_city, serial_shops, nicolae_shop_waterfront
Vaults:3: vaults_dpeg_doors, vaults_room_door_hall, v_misc_14,
          vaults_room_semicircle, nicolae_vaults_network_s,
          vaults_room_stairs_pillars, vaults_room_door_hall,
          vaults_dpeg_diagonal, hangedman_vaults_restitches,
          nicolae_vaults_little_squares_3, v_misc_27, st_lattice,
          hangedman_vaults_trim, layout_vaults_ring, serial_shops, shop
Vaults:4: v_pattern_3, v_misc_15, ontoclasm_vaults_ligature, v_rooms_1,
          v_misc_27, vaults_mumra_minichess_inversion,
          nicolae_vaults_circle_grid_a, nicolae_vaults_back_hallway,
          vaults_room_hallway, nicolae_vaults_c_with_doors, v_misc_23,
          nicolae_vaults_mini_display_case, nicolae_vaults_network_quinsquares
          [nicolae_vaults_network_quincunx_subvault,
          nicolae_vaults_network_quincunx_subvault,
          nicolae_vaults_network_quincunx_subvault,
          nicolae_vaults_network_quincunx_subvault], nicolae_vaults_theta,
          vaults_room_stairs_pillars, layout_vaults_omnibox
Vaults:5: uniq_xtahua, uniq_mennas, uniq_frederick

Skill      XL: |  1  2  3  4  5  6  7  8  9 10 11 12 13 14 15 16 17 18 19 20 21 22 |
---------------+-------------------------------------------------------------------+-----
Fighting       | 3 4 5 8 10 | 10.0
Dodging        | 3 5 |  5.0
Shields        | 3 4 5 6 7 9 10 11 14 15 | 15.0
Unarmed Combat | 3 4 6 7 9 10 11 12 13 14 16 17 18 | 18.6
Evocations     | 1 2 3 4 |  4.0
Throwing       | 2 3 5 6 7 9 11 12 | 12.0
Invocations    | 4 7 8 9 11 12 14 15 | 15.0
Armour         | 3 6 7 9 12 13 14 15 16 | 16.4
Maces & Flails | 5 8 |  8.0

Action                   |  1- 3 |  4- 6 |  7- 9 | 10-12 | 13-15 | 16-18 | 19-21 | 22-24 || total
-------------------------+-------+-------+-------+-------+-------+-------+-------+-------++-------
Melee: Unarmed           |    40 |   237 |   312 |   749 |  1671 |  2335 |  2022 |    62 ||  7428
       Morningstar       |       |       |       |       |    38 |       |     6 |       ||    44
Throw: Dart              |       |     3 |    33 |     6 |       |       |       |       ||    42
       Boomerang         |       |       |    30 |    71 |    47 |    79 |       |       ||   227
       Large rock        |       |       |       |       |     3 |       |       |       ||     3
       Javelin           |       |       |       |       |       |     9 |       |       ||     9
Invok: Recite            |       |       |       |    11 |    19 |    15 |    33 |     1 ||    79
       Vitalisation      |       |       |       |     5 |     4 |    12 |    10 |       ||    31
       Imprison          |       |       |       |       |     2 |       |     1 |       ||     3
       Sanctuary         |       |       |       |       |       |     1 |     4 |       ||     5
 Abil: Evoke Flight      |       |       |       |       |     3 |     1 |       |       ||     4
Evoke: Wand              |       |       |     5 |     9 |    18 |     8 |       |       ||    40
       Phial of floods   |       |       |       |       |     3 |       |       |       ||     3
  Use: Potion            |       |       |     2 |     4 |     9 |    10 |    16 |       ||    41
       Scroll            |       |       |     8 |    11 |    19 |    10 |    11 |     2 ||    61
 Stab: Sleeping          |       |       |     4 |       |       |       |       |       ||     4
       Distracted        |       |       |     1 |       |       |       |     1 |       ||     2
       Invisible         |       |       |       |     3 |     2 |       |     3 |       ||     8
       Confused          |       |       |       |       |     8 |    18 |    23 |       ||    49
       Paralysed         |       |       |       |       |    17 |       |    13 |       ||    30
       Petrified         |       |       |       |       |     3 |       |       |       ||     3
Armor: Robe              |     9 |    60 |    66 |    79 |       |       |       |       ||   214
       Acid dragon scale |       |       |       |    53 |   402 |       |       |       ||   455
       Gold dragon scale |       |       |       |       |   235 |  1188 |   756 |    58 ||  2237
Dodge: Dodged            |     5 |    71 |    84 |   190 |   374 |   294 |   284 |    28 ||  1330
Block: Kite shield       |    13 |   112 |   120 |   390 |   210 |       |       |       ||   845
       Tower shield      |       |       |       |       |  1315 |  3013 |  2330 |   119 ||  6777
       Reflection        |       |       |       |       |       |   131 |   133 |       ||   264

Table legend: (Time is in decaauts)
 A = Elapsed time spent in this place.
 B = Non-inter-level travel time spent in this place.
 C = Inter-level travel time spent in this place.
 D = Time resting spent in this place.
 E = Time spent auto-exploring this place.
 F = Levels seen in this place.
 G = Mean time per level.
                   A        B        C        D        E       F      G
               +--------+--------+--------+--------+--------+-----+--------+
         Total |  49473 |  44606 |   4867 |   6151 |  21979 |  46 | 1075.5 |
       Dungeon |  16272 |  13913 |   2359 |    737 |   7882 |  15 | 1084.8 |
        Temple |    168 |     84 |     84 |      0 |     83 |   1 |  168.0 |
          Lair |   5836 |   5123 |    713 |    162 |   3503 |   6 |  972.7 |
        Shoals |   5750 |   5495 |    255 |    954 |   2402 |   4 | 1437.5 |
   Spider Nest |   3976 |   3883 |     93 |    609 |   1847 |   4 |  994.0 |
    Slime Pits |   3500 |   3500 |      0 |   1948 |     77 |   5 |  700.0 |
  Orcish Mines |   3486 |   2679 |    807 |    186 |   1479 |   2 | 1743.0 |
        Vaults |   7804 |   7250 |    554 |   1196 |   3900 |   5 | 1560.8 |
         Abyss |   1125 |   1125 |      0 |    205 |    363 |   2 |  562.5 |
        Bazaar |    413 |    413 |      0 |     72 |    107 |   1 |  413.0 |
      Ice Cave |   1140 |   1140 |      0 |     80 |    335 |   1 | 1140.0 |
               +--------+--------+--------+--------+--------+-----+--------+

Top non-repeatable levels by time:
Vaults:4: 2953 daAuts
   Orc:1: 2052 daAuts
Vaults:1: 1725 daAuts
 Slime:5: 1719 daAuts
Spider:4: 1680 daAuts
Shoals:2: 1589 daAuts
Shoals:4: 1553 daAuts
    D:14: 1520 daAuts
Vaults:3: 1513 daAuts
Shoals:3: 1477 daAuts
Vaults:2: 1434 daAuts
   Orc:2: 1433 daAuts
 Slime:4: 1421 daAuts
    D:15: 1407 daAuts
    D:11: 1377 daAuts
